 Dungeon Crawl Stone Soup version 0.31-a0-435-g2c6fae2916 (webtiles) character file.

Game seed: 14841445076854365845

516 Maxmaps the Trooper (level 7, 0/50 HPs)
             Began as an Octopode Shapeshifter on Aug 1, 2023.
             Slain by an orc
             ... wielding a +0 falchion
              (7 damage)
             ... on level 4 of the Dungeon.
             The game lasted 00:04:15 (3092 turns).

Maxmaps the Trooper (Octopode Shapeshifter)         Turns: 3092, Time: 00:04:16

Health: 0/50       AC:  1    Str: 14    XL:     7   Next: 20%
Magic:  7/7        EV:  8    Int: 13    God:
Gold:   106        SH: 10    Dex: 12    Spells: 6/6 levels left

rFire   . .          .
                       - Unarmed
rCold   . . .        m - +0 tower shield
rNeg    . . .        (helmet currently unavailable)
rPois   .            (no amulet)
rElec   .            e - ring of see invisible
rCorr   .            (no ring)
SInv    +            (no ring)
Will    .....        (no ring)
Stlth   ++++         (no ring)
HPRegen 0.28/turn    (no ring)
MPRegen 0.10/turn    (no ring)
                     (no ring)

%: no passive effects
@: beast-form
A: beast (slay +2), almost no armour, amphibious, 8 rings, camouflage 1,
gelatinous body 1, (nimble swimmer 1), tentacles
a: Begin Untransformation


You were on level 4 of the Dungeon.
You were a hulking beast.
You visited 1 branch of the dungeon, and saw 4 of its levels.

You collected 106 gold pieces.

Inventory:

Armour
 m - a +0 tower shield (worn)
Jewellery
 e - a ring of see invisible (left tentacle)
Talismans
 b - a beast talisman (active)
Wands
 a - a wand of polymorph (7)
Scrolls
 c - a scroll of silence {unknown}
 d - a scroll of vulnerability {unknown}
 g - a scroll of blinking {unknown}
 h - 5 scrolls of identify {unknown}
 i - 2 scrolls of teleportation {unknown}
 j - a scroll of brand weapon {unknown}
 k - a scroll of immolation {unknown}
 l - a scroll of revelation {unknown}
 n - a scroll of noise {unknown}
Potions
 f - a potion of attraction {unknown}
 o - a potion of berserk rage {unknown}


   Skills:
 - Level 5.1 Fighting
 - Level 2.0 Dodging
 - Level 4.3 Stealth
 + Level 0.4 Shields
 - Level 5.0 Unarmed Combat
 - Level 3.0 Shapeshifting


You had 6 spell levels left.
You didn't know any spells.
Your spell library contained the following spells:

 Spells                   Type           Power      Damage    Failure   Level
 Blink                    Tloc           0%         N/A       100%        2
 Lesser Beckoning         Tloc           0%         N/A       100%        2
 Momentum Strike          Conj/Tloc      0%         3d8       100%        2


Dungeon Overview and Level Annotations

Branches:
Dungeon (4/15)
 Temple: D:4-7

Altars:
Fedhas

Shops:
D:1 *

Annotations:
D:4 2 transporters


Innate Abilities, Weirdness & Mutations

You are a hulking beast.
Your limbs bulge with bestial killing power. (Slay +2)
You cannot wear most types of armour.
You are amphibious.
You can wear up to eight rings at the same time.
Your skin changes colour to match your surroundings (Stealth+).
Your rubbery body absorbs attacks. (AC +1, EV +1)
((You are camouflaged when in or above water. (Stealth+)))
You have tentacles for arms and can constrict up to eight enemies at once.


Message History

You feel less confused. You block the orc wizard's attack.
The orc hits you with a +0 falchion.
You barely miss the orc wizard. Your grab misses the orc wizard.
The orc wizard is moderately wounded.
You block the orc wizard's attack. The orc hits you with a +0 falchion.
You block the orc wizard's attack. The orc hits you with a +0 falchion.
You are too injured to fight recklessly!
You tentacle-slap the orc wizard but do no damage.
Your grab misses the orc wizard.
The orc wizard is moderately wounded.
The orc wizard hits you with a +0 dagger.
* * * LOW HITPOINT WARNING * * *
You block the orc's attack.
You are too injured to fight recklessly!
You tentacle-slap the orc wizard. You grab the orc wizard.
The orc wizard is severely wounded.
You constrict the orc wizard, but do no damage.
The orc wizard closely misses you. The orc hits you with a +0 falchion.
* * * LOW HITPOINT WARNING * * *
You barely miss the orc wizard.
The orc wizard is severely wounded.
You constrict the orc wizard, but do no damage.
You block the orc wizard's attack. You block the orc's attack.
The orc wizard hits you with a +0 dagger.
* * * LOW HITPOINT WARNING * * *
The orc hits you with a +0 falchion.
* * * LOW HITPOINT WARNING * * *
You tentacle-slap the orc but do no damage.
You grab the orc.
You tentacle-slap the orc, but do no damage.
You constrict the orc, but do no damage.
You constrict the orc wizard.
The orc wizard points at you and mumbles some strange words.
You resist with some effort. You block the orc's attack.
You tentacle-slap the orc wizard but do no damage.
The orc wizard is severely wounded.
You constrict the orc. You constrict the orc wizard.
You kill the orc wizard!
The orc hits you with a +0 falchion!
You die...

## # (.# #< #.# #.##
#.###########
...##...........#
#..#..########.##
##h#..# #####...##
#o)#..###.##.....##
#..)#................
#..##...#...###....##
#............# #...##
#.####...#...###..##
## ≈....##.......#
≈..#..###.####.#
≈...#>..........#


You could see an orc.

Vanquished Creatures
  Sigmund (D:3)
  Duvessa (D:4)
  Dowan (D:4)
  2 jellies
  Natasha (D:2)
  An orc wizard (D:4)
  4 adders
  2 worms
  A dart slug (D:1)
  6 orcs
  9 endoplasms
  6 giant cockroaches
  7 goblins
  6 hobgoblins
  8 jackals
  A quokka (D:3)
  2 ball pythons
  3 bats
  3 frilled lizards
  6 kobolds
  3 rats
74 creatures vanquished.

Notes
Turn   | Place    | Note
-------+----------+-------------------------------------------
     0 | D:1      | Maxmaps the Octopode Shapeshifter began the quest for the
                  | Orb.
     0 | D:1      | Reached XP level 1. HP: 13/13 MP: 1/1
   159 | D:1      | Reached XP level 2. HP: 19/19 MP: 2/2
   377 | D:1      | Found Zuokkuar's Assorted Antiques.
   625 | D:1      | Reached XP level 3. HP: 25/25 MP: 3/3
   927 | D:2      | Found a blossoming altar of Fedhas.
   955 | D:2      | Noticed Natasha
   959 | D:2      | Killed Natasha
   960 | D:2      | Reached XP level 4. HP: 31/31 MP: 4/4
  2054 | D:3      | Noticed Sigmund
  2068 | D:3      | Killed Sigmund
  2069 | D:3      | Reached skill level 5 in Fighting
  2069 | D:3      | Reached XP level 5. HP: 5/39 MP: 5/5
  2069 | D:3      | Reached XP level 6. HP: 6/45 MP: 6/6
  2653 | D:4      | Noticed Dowan
  2731 | D:4      | Killed Dowan
  2745 | D:4      | Noticed Duvessa
  2766 | D:4      | Killed Duvessa
  2767 | D:4      | Reached XP level 7. HP: 20/50 MP: 7/7
  2917 | D:4      | Found a transporter.
  2945 | D:4      | Reached skill level 5 in Unarmed Combat
  3002 | D:4      | Found a transporter.
  3092 | D:4      | Slain by an orc

Illustrated notes

Levels and vault maps discovered:
D:1:      minmay_arrival_diagonal_passages, layout_loops_corners, serial_shops,
          shop
D:2:      layout_loops_corners, basic_altar, uniq_natasha
D:3:      layout_loops_ring, serial_park_tiny_1, uniq_sigmund
D:4:      gammafunk_steamed_eel, layout_loops_ring,
          riverfiend_overflow_shadow_ancestor,
          nicolae_ru_great_annihilating_truth, kennysheep_nub, uniq_duvessa

Skill      XL: |  1  2  3  4  5  6  7 |
---------------+----------------------+-----
Fighting       | 2 3 5 |  5.1
Stealth        | 2 4 |  4.3
Unarmed Combat | 4 5 |  5.0
Dodging        | |  2.0
Shields        | |  0.4
Shapeshifting  | |  3.0

Action                     |  1- 3 |  4- 6 |  7- 9 || total
---------------------------+-------+-------+-------++-------
  Melee: Unarmed           |    53 |    99 |    22 ||   174
         Constrict         |    16 |    19 |     6 ||    41
         Tentacles         |     8 |    19 |     3 ||    30
         Punch             |     1 |     6 |     1 ||     8
    Use: Potion            |       |     1 |       ||     1
   Stab: Sleeping          |     7 |    18 |     2 ||    27
 Armour: Skin              |     2 |    18 |       ||    20
  Dodge: Dodged            |    20 |    29 |     9 ||    58
  Block: Tower shield      |       |       |     8 ||     8

Table legend: (Time is in decaauts)
 A = Elapsed time spent in this place.
 B = Non-inter-level travel time spent in this place.
 C = Inter-level travel time spent in this place.
 D = Time resting spent in this place.
 E = Time spent auto-exploring this place.
 F = Levels seen in this place.
 G = Mean time per level.
                   A        B        C        D        E       F      G
               +--------+--------+--------+--------+--------+-----+--------+
         Total |   3086 |   3006 |     80 |    333 |   2189 |   4 |  771.5 |
       Dungeon |   3086 |   3006 |     80 |    333 |   2189 |   4 |  771.5 |
               +--------+--------+--------+--------+--------+-----+--------+

Top non-repeatable levels by time:
     D:2: 896 daAuts
     D:1: 877 daAuts
     D:3: 873 daAuts
     D:4: 438 daAuts
